 Dungeon Crawl Stone Soup version 0.29.1-12-g30fa7ad0bf (webtiles) character file.

Game seed: 5658154086015094217

13240 LustLizard the Scorcher (level 12, -6/85 HPs)
             Began as a Hill Orc Fire Elementalist on Jan 13, 2023.
             Was a Priest of Beogh.
             Mangled by a troll (12 damage)
             ... while paralysed by a floating eye
             ... on level 11 of the Dungeon.
             The game lasted 00:38:05 (11986 turns).

LustLizard the Scorcher (HOFE)                     Turns: 11986, Time: 00:38:06

Health: -6/85      AC:  5    Str: 15    XL:     12   Next: 3%
Magic:  13/29      EV:  2    Int: 25    God:    Beogh [***...]
Gold:   456        SH:  0    Dex: 11    Spells: 10/22 levels left

rFire   . . .      SeeInvis .   G - +10 sling of the Telling King {freeze, rCorr Str+3}
rCold   . . .      Faith    .   L - +0 buckler
rNeg    . . .      Spirit   .   d - +1 robe of the Iron Devil {+Blink}
rPois   +          Reflect  .   (no helmet)
rElec   .          Harm     .   (no cloak)
rCorr   +          Rampage  .   T - +0 pair of gloves
Will    .....                   H - +0 pair of boots "Dyovvasup" {rPois}
Stlth   +.........              f - amulet of magic regeneration
HPRegen 0.24/turn               u - +6 ring of intelligence
MPRegen 0.61/turn               w - ring of magical power

@: paralysed, slowed, very slow
A: no striking features
a: Renounce Religion, Evoke Blink, Smiting


You were on level 11 of the Dungeon.
You worshipped Beogh.
Beogh was most pleased with you.
You visited 1 branch of the dungeon, and saw 11 of its levels.

You collected 804 gold pieces.
You spent 348 gold pieces at shops.

Inventory:

Hand Weapons
 G - the +10 sling of the Telling King (weapon) {freeze, rCorr Str+3}
   (You took it off a goblin on level 4 of the Dungeon)

   Any ammunition fired from it freezes those it strikes, dealing additional
   cold damage.
   It can also slow down cold-blooded creatures.
   Str:       It affects your strength (+3).
   rCorr:     It protects you from acid and corrosion.
 N - a +4 hand axe of freezing
Missiles
 t - a throwing net
 C - 8 curare-tipped darts
Armour
 d - the +1 robe of the Iron Devil (worn) {+Blink}
   (You bought it in a shop on level 5 of the Dungeon)

   +Blink:    It lets you blink.
 m - a +2 pair of boots
 y - an orb of light
 H - the +0 pair of boots "Dyovvasup" (worn) {rPois}
   (You found it on level 4 of the Dungeon)

   rPois:     It protects you from poison.
 K - the +3 scale mail of Happy Babbling {Rampage rCorr}
   (You found it on level 6 of the Dungeon)

   rCorr:     It protects you from acid and corrosion.
   Rampage:   It bestows one free step when moving towards enemies.
 L - a +0 buckler (worn)
 S - a +0 robe of resistance
 T - a +0 pair of gloves (worn)
Jewellery
 e - a ring of protection from fire
 f - an amulet of magic regeneration (around neck)
 u - a +6 ring of intelligence (left hand)
 w - a ring of magical power (right hand)
 M - an amulet of the acrobat
 O - a ring of resist corrosion
 P - a ring of willpower
 V - a +4 ring of protection
Wands
 i - a wand of iceblast (4)
 E - a wand of mindburst (16)
Scrolls
 h - a scroll of immolation {unknown}
 k - 4 scrolls of fear
 p - a scroll of enchant armour {unknown}
 q - a scroll of amnesia {unknown}
 r - a scroll of brand weapon {unknown}
 v - 4 scrolls of teleportation
 x - 3 scrolls of magic mapping
 A - 5 scrolls of fog {unknown}
 D - 3 scrolls of blinking
 F - a scroll of enchant weapon {unknown}
 I - 3 scrolls of vulnerability {unknown}
 J - 2 scrolls of noise {unknown}
 U - a scroll of summoning {unknown}
Potions
 a - a potion of invisibility
 b - 3 potions of magic
 c - 2 potions of mutation
 g - 2 potions of lignification
 j - 4 potions of brilliance
 l - 4 potions of heal wounds
 n - 2 potions of haste
 o - a potion of attraction {unknown}
 s - a potion of curing {unknown}
 z - 3 potions of berserk rage
 B - a potion of ambrosia {unknown}
 Q - a potion of flight {unknown}
 R - a potion of might


   Skills:
 - Level 2.0 Fighting
 - Level 1.5 Dodging
 - Level 2.0 Stealth
 - Level 5.9 Spellcasting
 + Level 10.2 Conjurations
 - Level 2.0 Hexes
 * Level 15.4 Fire Magic


You had 10 spell levels left.
You knew the following spells:

 Your Spells              Type           Power      Damage    Failure   Level
a - Foxfire               Conj/Fire      100%       2x1d9     1%          1
b - Scorch                Fire           100%       2d10      1%          2
c - Inner Flame           Hex/Fire       50%        N/A       1%          3
d - Flame Wave            Conj/Fire      64%        2d15      1%          4
e - Blink                 Tloc           14%        N/A       16%         2

Your spell library contained the following spells:

 Spells                   Type           Power      Damage    Failure   Level
 Static Discharge         Conj/Air       32%        3-7/arc   1%          2
 Conjure Flame            Conj/Fire      64%        6-21      1%          3
 Summon Small Mammal      Summ           28%        N/A       11%         1
 Ensorcelled Hibernation  Hex/Ice        24%        N/A       11%         2
 Passwall                 Tmut/Erth      5%         N/A       16%         2
 Portal Projectile        Hex/Tloc       24%        N/A       21%         3
 Call Canine Familiar     Summ           7%         N/A       30%         3
 Frozen Ramparts          Ice            14%        1d3       30%         3
 Ozocubu's Armour         Ice            7%         N/A       30%         3
 Swiftness                Air            7%         N/A       30%         3
 Lightning Bolt           Conj/Air       16%        1d30      34%         5
 Cause Fear               Hex            8%         N/A       41%         4
 Anguish                  Hex/Necr       6%         N/A       56%         4
 Leda's Liquefaction      Hex/Erth       6%         N/A       56%         4
 Ice Form                 Ice/Tmut       7%         N/A       71%         4
 Summon Ice Beast         Ice/Summ       7%         N/A       71%         4
 Manifold Assault         Tloc           7%         N/A       96%         5
 Enfeeble                 Hex            8%         N/A       100%        7
 Ozocubu's Refrigeration  Ice            3%         4d8       100%        7
 Spellforged Servitor     Conj/Summ      16%        N/A       100%        7
 Storm Form               Tmut/Air       3%         N/A       100%        7
 Discord                  Hex            8%         N/A       100%        8


Dungeon Overview and Level Annotations

Branches:
Dungeon (11/15)            Temple (0/1) D:6            Lair (0/5) D:8
    Orc (0/2) D:9

Altars:
Ashenzari
Cheibriados
Okawaru
Qazlal
Trog
Wu Jian
Zin

Shops:
D:5 ==[(:   D:6 ?   D:8 ?


Message History

The troll is lightly wounded.
The troll's fire resistance burns away.
You hear a bellow!
The troll bites you! The troll closely misses you. The troll claws you!
The floating eye's stare focuses on you.
The troll bites you.
* * * LOW HITPOINT WARNING * * *
The troll claws you!
* * * LOW HITPOINT WARNING * * *
The troll claws you but does no damage.
You hear a bellow!
You swap places.
You enter the shallow water.
Moving in this stuff is going to be slow.
Your orc warrior barely misses the troll.
The troll misses your orc warrior. The troll claws your orc warrior!
The troll claws your orc warrior.
Your orc warrior hits the troll with a +0 club!
Casting: Scorch (safe; 1% risk of failure)
Confirm with . or Enter, or press ? or * to list all spells.
Flames lash the gargoyle.
The gargoyle is heavily damaged.
The gargoyle's fire resistance burns away.
The troll is no longer more vulnerable to fire.
The troll closely misses your orc warrior. x2
The troll claws your orc warrior!
The floating eye gazes piercingly through you!
You suddenly lose the ability to move!
Your orc warrior barely misses the troll.
The floating eye seems to glare at you. The troll bites your orc warrior!
Your orc warrior dies!
The floating eye gazes piercingly through you!
You shrug off the repeated paralysis!
The troll bites you but does no damage. The troll claws you but does no damage.
The troll claws you.
* * * LOW HITPOINT WARNING * * *
The troll bites you.
* * * LOW HITPOINT WARNING * * *
The troll claws you!
You die...

#.# #..........# #.######
#......<...### #......####
#......†.>.##.
##..#............[.....'..
##.#..#.#.#.#.........###
#...#########........#
#....'.....#.........#
###.##.######.#..#####
#..#.@TTG#..#{###
#.######$##.....#
...#y.T..'......#
..#########.....# ....
.#...)..###### ....
......)........
##.......###### #.......#
.........#


You could see 2 trolls and a floating eye.

Vanquished Creatures
  2 boulder beetles
  3 two-headed ogres (D:11)
  A cyclops (D:10)
  An elephant (D:8)
  A manticore (D:7)
  An unseen horror (D:11)
  Psyche (D:9)
  6 trolls
  A hornet (D:11)
  A polar bear (shapeshifter) (D:10)
  3 wraiths (D:11)
  7 yaks
  3 wyverns
  3 vampire mosquitoes
  A steam dragon (D:6)
  3 basilisks
  3 acid dragons
  A water moccasin (D:7)
  2 orc warriors
  4 ice beasts
  A sky beast (D:6)
  A swamp drake (D:9)
  A black bear (D:6)
  3 ogres
  3 centaurs
  4 phantoms
  4 bullfrogs
  2 kobold brigands (D:7)
  A necrophage (D:4)
  3 scorpions
  4 wights (D:7)
  4 killer bees (D:7)
  A howler monkey (D:8)
  3 hounds
  6 orc priests
  2 gnoll boudas
  Jessica (D:2)
  6 iguanas
  6 orc wizards
  16 gnolls
  7 adders
  2 white imps
  2 ufetubi
  3 worms
  A dart slug (D:2)
  48 orcs
  11 ball pythons
  8 endoplasms
  9 giant cockroaches
  2 hobgoblins
  4 jackals
  5 quokkas
  9 bats
  3 frilled lizards
  7 goblins
  21 kobolds
  10 rats
272 creatures vanquished.

Vanquished Creatures (others)
  An orc warrior (D:11)
  2 hounds (D:5)
  2 orc wizards
  5 orcs
  1104 foxfires
  A fungus (D:1)
  11 plants
1126 creatures vanquished.

Grand Total: 1398 creatures vanquished

Notes
Turn   | Place    | Note
-------+----------+-------------------------------------------
     0 | D:1      | LustLizard the Hill Orc Fire Elementalist began the quest
                  | for the Orb.
     0 | D:1      | Reached XP level 1. HP: 14/14 MP: 3/3
   224 | D:1      | Found a faded altar of an unknown god.
   289 | D:1      | Reached XP level 2. HP: 20/20 MP: 2/4
   390 | D:1      | Got Plato's Codex of Command
   644 | D:1      | Reached XP level 3. HP: 27/27 MP: 5/5
   649 | D:1      | Learned a level 2 spell: Scorch
  1024 | D:2      | Reached skill level 1 in Fighting
  1111 | D:2      | Reached XP level 4. HP: 35/35 MP: 2/6
  1112 | D:2      | Reached skill level 4 in Fire Magic
  1165 | D:2      | Learned a level 3 spell: Inner Flame
  1375 | D:2      | Noticed Jessica
  1390 | D:2      | Killed Jessica
  1393 | D:2      | Reached XP level 5. HP: 41/41 MP: 2/8
  1636 | D:3      | Reached skill level 1 in Hexes
  2562 | D:4      | Reached XP level 6. HP: 40/48 MP: 9/9
  2568 | D:4      | Reached skill level 5 in Fire Magic
  2730 | D:4      | Reached XP level 7. HP: 55/55 MP: 11/11
  2862 | D:4      | Reached skill level 6 in Fire Magic
  2919 | D:4      | Identified the +10 sling of the Telling King {freeze, rCorr
                  | Str+3}
  3040 | D:4      | Identified the +0 pair of boots "Dyovvasup" {rPois}
  3232 | D:5      | Entered Level 5 of the Dungeon
  3366 | D:5      | Found Puuchum's Jewellery Shoppe.
  3473 | D:5      | Found Byruhobb's Jewellery Emporium.
  3513 | D:5      | Found Atuuf's Antique Armour Shop.
  3519 | D:5      | Bought an opalescent robe for 171 gold pieces
  3519 | D:5      | Identified the +1 robe of the Iron Devil {+Blink} (You
                  | bought it in a shop on level 5 of the Dungeon)
  3545 | D:5      | Reached skill level 7 in Fire Magic
  3545 | D:5      | Reached XP level 8. HP: 58/61 MP: 13/13
  3657 | D:5      | Found Tarphuri's Book Emporium.
  3665 | D:5      | Became a worshipper of Beogh the Brigand
  3672 | D:5      | Identified the +0 pair of boots of the Five Allies {-Cast
                  | rCorr Dex+5}
  3838 | D:5      | Found Xev Zauth's Weapon Boutique.
  4407 | D:6      | Found a staircase to the Ecumenical Temple.
  4417 | D:6      | Reached skill level 8 in Fire Magic
  4430 | D:6      | Reached skill level 5 in Conjurations
  4441 | D:6      | Found Kaankija's Magic Scroll Boutique.
  4449 | D:6      | Bought a scroll of teleportation for 39 gold pieces
  4636 | D:6      | Found an iron altar of Okawaru.
  4661 | D:6      | Identified the +3 scale mail of Happy Babbling {Rampage
                  | rCorr}
  4741 | D:6      | Reached XP level 9. HP: 39/67 MP: 11/15
  4758 | D:6      | Reached skill level 9 in Fire Magic
  4894 | D:6      | Learned a level 4 spell: Flame Wave
  5147 | D:7      | Got the Directory of Destructive Ice
  5164 | D:7      | Reached * piety under Beogh
  5410 | D:7      | Noticed a manticore
  5420 | D:7      | Killed a manticore
  5421 | D:7      | Reached skill level 10 in Fire Magic
  5446 | D:7      | Reached skill level 5 in Spellcasting
  5726 | D:7      | Found a stormy altar of Qazlal.
  5773 | D:7      | Reached ** piety under Beogh
  5778 | D:7      | Reached XP level 10. HP: 73/73 MP: 17/17
  6204 | D:8      | You fall into a shaft and drop 2 floors!
  6204 | D:10     | Entered Level 10 of the Dungeon
  6238 | D:10     | Noticed a boulder beetle
  6246 | D:10     | Killed a boulder beetle
  6247 | D:10     | Reached skill level 11 in Fire Magic
  6272 | D:10     | Noticed a cyclops
  6295 | D:10     | Killed a cyclops
  6822 | D:9      | Reached skill level 12 in Fire Magic
  7218 | D:8      | Noticed a death yak
  7225 | D:8      | Noticed an elephant
  7637 | D:8      | Killed an elephant
  7950 | D:8      | Found Qipnaybb's Magic Scroll Boutique.
  7957 | D:8      | Bought a scroll of fear for 48 gold pieces
  7957 | D:8      | Bought a scroll of magic mapping for 90 gold pieces
  8019 | D:8      | Found a staircase to the Lair.
  8537 | D:9      | Found a glowing silver altar of Zin.
  8537 | D:9      | Found a faded altar of an unknown god.
  8544 | D:9      | Found a broken altar of Ashenzari.
  8546 | D:9      | Found an ornate altar of the Wu Jian Council.
  8548 | D:9      | Found a bloodstained altar of Trog.
  8637 | D:9      | Noticed Psyche
  8788 | D:9      | Killed Psyche
  8821 | D:9      | Reached XP level 11. HP: 68/79 MP: 19/19
  8913 | D:9      | Reached *** piety under Beogh
  8916 | D:9      | Reached skill level 13 in Fire Magic
  9332 | D:9      | Found a staircase to the Orcish Mines.
  9681 | D:10     | Found a snail-covered altar of Cheibriados.
 10521 | D:11     | Reached skill level 14 in Fire Magic
 10575 | D:11     | Noticed a two-headed ogre
 10584 | D:11     | Killed a two-headed ogre
 10780 | D:11     | Noticed a two-headed ogre
 11579 | D:11     | Killed a two-headed ogre
 11618 | D:11     | Noticed a two-headed ogre
 11625 | D:11     | Killed a two-headed ogre
 11626 | D:11     | Reached skill level 15 in Fire Magic
 11640 | D:11     | Noticed a boulder beetle
 11653 | D:11     | Killed a boulder beetle
 11654 | D:11     | Reached skill level 10 in Conjurations
 11939 | D:11     | Learned a level 2 spell: Blink
 11968 | D:11     | Reached XP level 12. HP: 85/85 MP: 20/20
 11971 | D:11     | Paralysed by a floating eye for 2 turns
 11983 | D:11     | Paralysed by a floating eye for 4 turns
 11986 | D:11     | Mangled by a troll

Illustrated notes

Levels and vault maps discovered:
D:1:      psy_arrival_terrarium, layout_basic, serial_glass, glass_columns_c,
          glass_columns_a, shapermc_ecumenical_altar_rom_forum
D:2:      layout_basic, minmay_box_of_dots, uniq_jessica
D:3:      layout_basic
D:4:      layout_cave_pools, nrook_loot_triangle
D:5:      layout_loops_ring, serial_shops, nicolae_take_the_stairs,
          kennysheep_mini_moat, shop, shop_statue,
          nicolae_shop_bloodbath_and_beyond, kennysheep_nondescript,
          kennysheep_generic_room_5
D:6:      layout_cave_pools, mainiacjoe_overflow_tiny_flanked,
          minmay_temple_entry_sparse_star, minmay_shop_grid_forest,
          wad_floor_pattern_untrapped, reono_crystal_passage
D:7:      layout_basic, lemuel_round_altar
D:8:      layout_layer_cave, david_lair_generic, serial_shops,
          nicolae_shop_stone, minivault_1, minmay_curled_crystal
D:9:      layout_loops_ring, chequers_temple_overflow_minitemple, erik_orc_1,
          minmay_crystal_water, uniq_psyche
D:10:     layout_gridville, general_overflow_altar,
          chequers_serial_rivers_micro_d, dreamdust_wishing_well, minivault_27,
          minmay_lizard_king
D:11:     layout_roguey, grunt_decor_cap, onia_ninara_cookie

Skill      XL: |  1  2  3  4  5  6  7  8  9 10 11 |
---------------+----------------------------------+-----
Conjurations   | 2 3 4 5 6 8 10 | 10.2
Fighting       | 1 2 |  2.0
Stealth        | 2 |  2.0
Fire Magic     | 4 5 7 8 10 12 15 | 15.4
Spellcasting   | 2 3 4 5 |  5.9
Hexes          | 1 2 |  2.0
Dodging        | |  1.5

Action                   |  1- 3 |  4- 6 |  7- 9 | 10-12 || total
-------------------------+-------+-------+-------+-------++-------
Melee: Unarmed           |     4 |       |       |       ||     4
       Hand axe          |    18 |    14 |       |       ||    32
       Short sword       |     2 |       |       |       ||     2
 Fire: Sling             |       |       |    15 |     5 ||    20
 Cast: Foxfire           |    55 |    71 |   205 |   311 ||   642
       Scorch            |     5 |    24 |    51 |    89 ||   169
       Inner Flame       |       |       |     2 |     1 ||     3
       Flame Wave        |       |       |       |     8 ||     8
Invok: Convert to Beogh  |       |       |     1 |       ||     1
 Abil: Evoke Blink       |       |       |       |     4 ||     4
  Use: Scroll            |       |       |     3 |    12 ||    15
       Potion            |       |       |       |     1 ||     1
 Stab: Sleeping          |     1 |     1 |       |       ||     2
Armor: Robe              |     7 |       |     4 |    23 ||    34
       Leather armour    |       |     6 |       |       ||     6
       Skin              |       |       |       |     2 ||     2
Dodge: Dodged            |    23 |    10 |    11 |    43 ||    87
Block: Other             |     2 |       |       |       ||     2
       Buckler           |       |       |     1 |    10 ||    11
